 Dungeon Crawl Stone Soup version 0.24.0-37-gcf1ca852f1 (webtiles) character file.

Game seed: 8797461544266456999, levelgen mode: deterministic

54677 Dustman the Fighter (level 14, 0/116 HPs)
             Began as a Demonspawn Gladiator on Nov 21, 2019.
             Slain by a phantasmal warrior (10 damage)
             ... led by a death knight
             ... on level 13 of the Dungeon on Nov 22, 2019.
             The game lasted 01:58:15 (14951 turns).

Dustman the Fighter (Demonspawn Gladiator)         Turns: 14951, Time: 01:58:16

Health: 0/116      AC: 21    Str: 16    XL:     14   Next: 35%
Magic:  14/14      EV: 10    Int: 15    God:
Gold:   854        SH: 13    Dex: 18    Spells: 13/13 levels left

rFire    + . .     SeeInvis .     - Unarmed
rCold    . . .     Gourm    .   p - +1 shield
rNeg     . . .     Faith    .   G - +0 plate armour of Rioduaga {MR++ rCorr Dex-2} (curse)
rPois    .         Spirit   .   R - +3 hat of Gapt {Slay+2}
rElec    .         Reflect  .   h - +0 cloak
rCorr    +         Harm     .   (no gloves)
MR       +....                  A - +0 pair of boots
Stlth    ..........             t - amulet of rage
HPRegen  0.29/turn              H - ring of Summer {Int+3 Dex+4 Slay+3}
MPRegen  0.14/turn              S - ring of protection from fire

@: about to teleport, vulnerable, studying Armour
A: claws 2, hooves 2, horns 1, mutation resistance 1, nightstalker 2, powered by
death 2
a: Evoke Berserk Rage


You were on level 13 of the Dungeon.
You were very hungry.

You visited 4 branches of the dungeon, and saw 22 of its levels.
You also visited: Gauntlet.

You collected 1191 gold pieces.
You spent 337 gold pieces at shops.

Inventory:

Hand Weapons
 m - a +1 hand axe of flaming
Missiles
 y - 2 throwing nets (quivered)
Armour
 g - a +1 plate armour of cold resistance
 h - a +0 cloak (worn)
 o - the +4 chain mail of the Eternal Fruit {rCorr Stlth+}
   (You found it on level 7 of the Dungeon)

   It provides partial protection from all sources of acid and corrosion.
   It makes you more stealthy.
 p - a +1 shield (worn)
 A - a +0 pair of boots (worn)
 C - +0 steam dragon scales
 G - the cursed +0 plate armour of Rioduaga (worn) {MR++ rCorr Dex-2}
   (You found it on level 1 of the Lair of Beasts)

   It affects your dexterity (-2).
   It affects your resistance to hostile enchantments.
   It provides partial protection from all sources of acid and corrosion.
   It has a curse placed upon it.
 R - the +3 hat of Gapt (worn) {Slay+2}
   (You found it in a Gauntlet)

   It affects your accuracy and damage with ranged weapons and melee attacks
   (+2).
 T - a +1 chain mail of positive energy
Jewellery
 c - an uncursed ring of protection from cold
 d - a +5 ring of dexterity
 t - an amulet of rage (around neck)
 D - a +2 ring of slaying
 H - the ring of Summer (left claw) {Int+3 Dex+4 Slay+3}
   (You found it on level 10 of the Dungeon)

   [ring of intelligence]

   It affects your intelligence (+3).
   It affects your dexterity (+4).
   It affects your accuracy and damage with ranged weapons and melee attacks
   (+3).
 J - an uncursed ring of magical power {unknown}
 S - a ring of protection from fire (right claw)
Wands
 j - a wand of digging (8)
 r - a wand of acid (17)
 v - a wand of paralysis (10)
 w - a wand of disintegration (10)
 E - a wand of enslavement (21)
Scrolls
 a - 4 scrolls of fog
 k - 6 scrolls of blinking {unknown}
 l - 5 scrolls of amnesia
 n - a scroll of noise {unknown}
 q - 4 scrolls of magic mapping
 u - 4 scrolls of enchant armour
 B - 3 scrolls of vulnerability {unknown}
 I - a scroll of holy word {unknown}
 L - 4 scrolls of remove curse
 N - 2 scrolls of enchant weapon {unknown}
 O - 3 scrolls of teleportation
 W - 2 scrolls of identify
 Y - a scroll of immolation {unknown}
 Z - a scroll of fear
Potions
 e - 2 potions of mutation
 i - 3 potions of brilliance
 s - 2 potions of flight
 x - 3 potions of haste
 M - 2 potions of agility
 X - 3 potions of cancellation
Books
 b - a manual of Armour
Miscellaneous
 z - a phial of floods (inert)
 F - a fan of gales
 Q - a lightning rod (4/4)
Comestibles
 f - 11 rations


   Skills:
 + Level 12.9 Fighting
   Level 2.6 Polearms
 - Level 1.7 Throwing
 + Level 11.3 Armour
 + Level 10.1 Dodging
 + Level 11.6 Shields
 + Level 9.4 Unarmed Combat


You had 13 spell levels left.
You didn't know any spells.
Your spell library contained the following spells:

 Spells                   Type           Power        Failure   Level  Hunger
 Apportation              Tloc           #.....       100%        1    ##.....
 Beastly Appendage        Tmut           #.....       100%        1    ##.....
 Corona                   Hex            #......      100%        1    ##.....
 Magic Dart               Conj           #...         100%        1    ##.....
 Sting                    Conj/Pois      #...         100%        1    ##.....
 Summon Butterflies       Summ           #.......     100%        1    ##.....
 Summon Small Mammal      Summ           #...         100%        1    ##.....
 Call Imp                 Summ           #.......     100%        2    ###....
 Ensorcelled Hibernation  Hex/Ice        #.....       100%        2    ###....
 Poisonous Vapours        Pois/Air       #.....       100%        2    ###....
 Searing Ray              Conj           #.....       100%        2    ###....
 Sticks to Snakes         Tmut           #.......     100%        2    ###....
 Call Canine Familiar     Summ           #.......     100%        3    ####...
 Confuse                  Hex            #.......     100%        3    ####...
 Dazzling Spray           Conj/Hex       #.....       100%        3    ####...
 Lesser Beckoning         Tloc           #.........   100%        3    ####...
 Mephitic Cloud           Conj/Pois/Air  #.......     100%        3    ####...
 Spider Form              Tmut/Pois      #.........   100%        3    ####...
 Summon Guardian Golem    Hex/Summ       #.......     100%        3    ####...
 Tukima's Dance           Hex            #.......     100%        3    ####...
 Force Lance              Conj/Tloc      #.......     100%        4    #####..
 Fulminant Prism          Conj/Hex       #.........   100%        4    #####..
 Ice Form                 Ice/Tmut       #.......     100%        4    #####..
 Iskenderun's Mystic Bla  Conj           #.......     100%        4    #####..
 Olgreb's Toxic Radiance  Pois           #.......     100%        4    #####..
 Summon Ice Beast         Ice/Summ       #.......     100%        4    #####..
 Summon Lightning Spire   Summ/Air       #.......     100%        4    #####..
 Alistair's Intoxication  Tmut/Pois      #.......     100%        5    ######.
 Blade Hands              Tmut           #.........   100%        5    ######.
 Venom Bolt               Conj/Pois      #.........   100%        5    ######.
 Invisibility             Hex            #.......     100%        6    #######


Dungeon Overview and Level Annotations

Branches:
Dungeon (14/15)            Temple (1/1) D:7            Lair (6/6) D:11
  Swamp (0/4) Lair:2        Snake (0/4) Lair:2        Slime (1/5) Lair:6
    Orc (0/2) D:10        Gauntlet (visited)
 Vaults: D:13-14

Altars:
Ashenzari
Cheibriados
Dithmenos
Elyvilon
Fedhas
Gozag
Hepliaklqana
Kikubaaqudgha
Makhleb
Nemelex Xobeh
Okawaru
Qazlal
Ru
Sif Muna
Trog
Uskayaw
Vehumet
Wu Jian
Xom
Yredelemnul
Zin
The Shining One

Shops:
D:8 [=   D:11 ?

Annotations:
D:13 Agnes
Lair:6 2 runed translucent doors, Mesmaeker13's ghost, journeyman DrCj


Innate Abilities, Weirdness & Mutations

You have very sharp fingernails.
You have hoof-like feet.
You have a pair of small horns on your head.
You are significantly more attuned to the shadows.
You regenerate health from kills.
You are somewhat resistant to further mutation.


Message History

You claw the phantasmal warrior!
The phantasmal warrior is heavily damaged.
You scratch the phantasmal warrior but do no damage.
You block the phantasmal warrior's attack.
The phantasmal warrior closely misses you.
You claw the phantasmal warrior!
You headbutt the phantasmal warrior, but do no damage.
The phantasmal warrior is severely damaged.
The phantasmal warrior hits you!
You claw the phantasmal warrior!
You destroy the phantasmal warrior!
The phantasmal warrior hits you!!
* * * LOW HITPOINT WARNING * * *
You scratch the phantasmal warrior but do no damage.
You block the phantasmal warrior's attack.
Okay, then.
Okay, then.
As you read the scroll of teleportation, it crumbles to dust.
You feel strangely unstable. The phantasmal warrior hits you!
You die...

#########
#.......###
#.@.......#
##W#.###.#.#
#........#
#..#..#..#
##
#........#.#
#####.
#.....###..#
#.....
#.##.##
#.####.##..
#.##.#
#..........
#....##
##.####.###.


You could see a phantasmal warrior.

Vanquished Creatures
  Jorgrun (D:13)
  An azure jelly (Slime:1)
  Azrael (D:13)
  A minotaur (Gauntlet)
  A fire dragon (Lair:6)
  4 hydras
  A catoblepas (D:13)
  A centaur warrior (D:13)
  4 two-headed ogres
  3 death yaks (D:11)
  A tengu warrior (D:12)
  Sonja (D:13)
  A swamp dragon (Lair:6)
  Pikel (D:8)
  2 phantasmal warriors
  A necromancer (Gauntlet)
  A lindwurm (Lair:6)
  A deep elf mage (D:10)
  2 ugly things (D:13)
  3 cyclopes
  A moth of wrath (Gauntlet)
  2 black mambas
  A centaur zombie (D:11)
  3 elephants (Lair:3)
  A gargoyle (D:11)
  5 torpor snails (Lair:6)
  2 rime drakes
  A yaktaur (shapeshifter) (D:13)
  3 kobold demonologists (D:11)
  10 spiny frogs
  5 komodo dragons
  A tengu conjurer (D:12)
  4 trolls
  4 tyrant leeches (Lair:6)
  7 hornets (Lair:6)
  Grinder (D:3)
  4 blink frogs (Lair:6)
  6 hippogriffs
  4 redbacks (Gauntlet)
  9 wyverns
  A neqoxec (Gauntlet)
  2 wraiths
  27 yaks
  4 fire elementals (D:13)
  2 basilisks
  3 chaos spawn (Gauntlet)
  2 steam dragons (Lair:6)
  3 swamp worms (Lair:2)
  10 water moccasins
  9 porcupines
  3 swamp drakes (Lair:6)
  7 orc warriors
  2 sky beasts
  2 black bears
  2 eyes of draining
  4 ice beasts
  2 necrophages
  4 ogres
  20 wolves
  A phantom (D:4)
  15 crocodiles
  8 centaurs
  2 big kobolds (D:11)
  13 bullfrogs
  A gnoll sergeant (D:12)
  A wyvern skeleton (D:11)
  2 scorpions
  4 wights (D:7)
  5 killer bees
  8 howler monkeys
  An electric eel (D:10)
  4 crimson imps
  A quasit (D:13)
  2 bullfrog zombies
  7 jellies
  2 hounds
  8 orc priests
  14 orc wizards
  3 bullfrog skeletons
  A centaur skeleton (D:10)
  Terence (D:2)
  6 iguanas
  6 worker ants
  A killer bee zombie (D:7)
  3 hound skeletons
  5 worker ant zombies
  9 adders
  5 gnolls (D:12)
  A river rat (D:11)
  3 shadow imps
  3 adder skeletons
  5 dart slugs
  8 leopard geckos
  28 orcs
  4 giant cockroaches
  9 goblins
  3 hobgoblins
  8 jackals
  8 kobolds
  11 quokkas
  2 ball pythons (D:2)
  6 bats
  8 frilled lizards
  A giant cockroach zombie (D:5)
  5 rats
  2 plants (Lair:6)
469 creatures vanquished.

Vanquished Creatures (others)
  An orc wizard (D:12)
  A worker ant (D:8)
  A shadow imp (D:8)
  A fungus (Lair:2)
  10 plants
  6 withered plants (Gauntlet)
20 creatures vanquished.

Grand Total: 489 creatures vanquished

Notes
Turn   | Place    | Note
-------+----------+-------------------------------------------
     0 | D:1      | Dustman the Demonspawn Gladiator began the quest for the
                  | Orb.
     0 | D:1      | Reached XP level 1. HP: 16/16 MP: 1/1
   109 | D:2      | Gained mutation: You regenerate a little health from kills.
                  | [demonic ancestry]
   109 | D:2      | Reached XP level 2. HP: 20/22 MP: 2/2
   133 | D:2      | Found an opulent altar of Gozag.
   133 | D:2      | Found a burning altar of Makhleb.
   134 | D:2      | Found an iron altar of Okawaru.
   153 | D:2      | Noticed Terence
   262 | D:1      | Reached skill level 1 in Armour
   347 | D:1      | You fall into a shaft and drop 1 floor!
   403 | D:2      | Reached XP level 3. HP: 16/28 MP: 3/3
   647 | D:2      | Found a stormy altar of Qazlal.
   917 | D:3      | Gained mutation: You have sharp fingernails. [demonic
                  | ancestry]
   917 | D:3      | Reached XP level 4. HP: 28/34 MP: 4/4
   938 | D:3      | You fall into a shaft and drop 1 floor!
   946 | D:4      | Gained mutation: You are somewhat resistant to further
                  | mutation. [potion of mutation]
  1071 | D:3      | Reached skill level 3 in Fighting
  1187 | D:3      | Found a blossoming altar of Fedhas.
  1547 | D:3      | Noticed Grinder
  1617 | D:2      | Killed Terence
  1617 | D:2      | Gained mutation: You have large cloven feet. [demonic
                  | ancestry]
  1617 | D:2      | Reached XP level 5. HP: 41/41 MP: 5/5
  1709 | D:3      | Paralysed by Grinder for 2 turns
  1731 | D:3      | Paralysed by Grinder for 7 turns
  1747 | D:3      | Killed Grinder
  1747 | D:3      | Reached skill level 1 in Shields
  1747 | D:3      | Gained mutation: You have hoof-like feet. [demonic
                  | ancestry]
  1747 | D:3      | Reached XP level 6. HP: 21/48 MP: 6/6
  1953 | D:4      | Reached skill level 4 in Fighting
  2005 | D:4      | Reached XP level 7. HP: 37/54 MP: 7/7
  2081 | D:5      | Entered Level 5 of the Dungeon
  2363 | D:6      | Reached skill level 5 in Fighting
  2535 | D:7      | Gained mutation: You have very sharp fingernails. [demonic
                  | ancestry]
  2535 | D:7      | Reached XP level 8. HP: 56/62 MP: 8/8
  2575 | D:7      | Got a fine chain mail
  2591 | D:7      | Found a staircase to the Ecumenical Temple.
  2599 | Temple   | Entered the Ecumenical Temple
  2663 | D:7      | HP: 3/64 [orc priest/divine providence (14)]
  2982 | D:7      | Reached skill level 5 in Armour
  2988 | D:7      | Reached skill level 6 in Fighting
  3096 | D:7      | Reached skill level 5 in Shields
  3292 | D:7      | Identified the +4 chain mail of the Eternal Fruit {rCorr
                  | Stlth+} (You found it on level 7 of the Dungeon)
  3352 | D:8      | Found Bugozosy's Jewellery Shop.
  3465 | D:8      | Gained mutation: You are slightly more attuned to the
                  | shadows. [demonic ancestry]
  3465 | D:8      | Reached XP level 9. HP: 61/71 MP: 9/9
  3496 | D:8      | Bought a +2 ring of slaying for 252 gold pieces
  3556 | D:8      | Reached skill level 7 in Fighting
  3647 | D:8      | Found Hahokyinkurph's Antique Armour Shop.
  3647 | D:8      | Noticed Pikel
  3668 | D:8      | Killed Pikel
  3711 | D:8      | Found a shadowy altar of Dithmenos.
  3786 | D:8      | Reached skill level 8 in Fighting
  3869 | D:8      | Noticed a two-headed ogre
  3917 | D:7      | Killed a two-headed ogre
  3917 | D:7      | Reached XP level 10. HP: 23/82 MP: 10/10
  4573 | D:10     | Entered Level 10 of the Dungeon
  4666 | D:10     | Noticed a deep elf mage
  4674 | D:10     | Killed a deep elf mage
  4674 | D:10     | Reached skill level 1 in Unarmed Combat
  4859 | D:11     | Noticed a gargoyle
  4895 | D:10     | Found a staircase to the Orcish Mines.
  4942 | D:10     | Reached skill level 9 in Fighting
  5826 | D:10     | Reached skill level 5 in Dodging
  6064 | D:10     | Got a sparkling lapis lazuli ring
  6100 | D:10     | Identified the ring of Summer {Int+3 Dex+4 Slay+3} (You
                  | found it on level 10 of the Dungeon)
  6481 | D:11     | Noticed a two-headed ogre
  6488 | D:11     | Killed a two-headed ogre
  6563 | D:11     | Found Xofo's Magic Scroll Shop.
  6567 | D:11     | Bought a scroll of identify for 34 gold pieces
  6567 | D:11     | Bought a scroll of teleportation for 51 gold pieces
  6584 | D:11     | Gained mutation: You are significantly more attuned to the
                  | shadows. [demonic ancestry]
  6584 | D:11     | Reached XP level 11. HP: 89/89 MP: 11/11
  6731 | D:11     | Found a stormy altar of Qazlal.
  6805 | D:11     | Noticed a death yak
  6805 | D:11     | Noticed a death yak
  6805 | D:11     | Noticed a death yak
  6819 | D:11     | Killed a death yak
  6829 | D:11     | Killed a death yak
  6949 | D:11     | You fall into a shaft and drop 1 floor!
  6977 | D:12     | Reached skill level 10 in Fighting
  7040 | D:12     | Noticed a tengu warrior
  7055 | D:12     | Killed a tengu warrior
  7496 | D:11     | Reached skill level 5 in Unarmed Combat
  7540 | D:11     | Found a staircase to the Lair.
  7566 | D:11     | Killed a death yak
  8164 | D:12     | Gained mutation: You regenerate health from kills. [demonic
                  | ancestry]
  8164 | D:12     | Reached XP level 12. HP: 77/99 MP: 12/12
  8621 | Lair:1   | Entered Level 1 of the Lair of Beasts
  8767 | Lair:2   | Noticed a six-headed hydra
  8815 | Lair:2   | Found a staircase to the Snake Pit.
  8868 | Lair:2   | Reached skill level 11 in Fighting
  9110 | Lair:2   | Noticed a seven-headed hydra
  9110 | Lair:2   | Noticed a four-headed hydra
  9129 | Lair:2   | Killed a four-headed hydra
  9201 | Lair:2   | Killed a one-headed hydra
  9388 | Lair:2   | Reached skill level 10 in Shields
  9659 | Lair:3   | Found a gate leading to a gauntlet.
  9666 | Gauntlet | Entered a Gauntlet
  9666 | Gauntlet | Found a transporter.
  9666 | Gauntlet | Found a large runed translucent door.
  9666 | Gauntlet | Found a large runed translucent door.
  9666 | Gauntlet | Found a large runed translucent door.
  9666 | Gauntlet | Found a large runed translucent door.
  9667 | Gauntlet | Found a runed translucent door.
  9667 | Gauntlet | Found a runed translucent door.
  9667 | Gauntlet | Found a large runed translucent door.
  9667 | Gauntlet | Found a large runed translucent door.
  9667 | Gauntlet | Found a large runed translucent door.
  9667 | Gauntlet | Found a large runed translucent door.
  9668 | Gauntlet | Found a large runed translucent door.
  9668 | Gauntlet | Found a large runed translucent door.
  9688 | Gauntlet | Found a transporter.
  9701 | Gauntlet | Found a large runed translucent door.
  9702 | Gauntlet | Found a large runed translucent door.
  9702 | Gauntlet | Found a large runed translucent door.
  9703 | Gauntlet | Found a runed translucent gate.
  9707 | Gauntlet | Found a transporter.
  9738 | Gauntlet | Found a large runed translucent door.
  9739 | Gauntlet | Found a large runed translucent door.
  9739 | Gauntlet | Found a large runed translucent door.
  9740 | Gauntlet | Found a runed translucent gate.
  9764 | Gauntlet | Found a transporter.
  9772 | Gauntlet | Found a transporter.
  9807 | Gauntlet | Found a runed translucent gate.
  9810 | Gauntlet | Found a transporter.
  9853 | Gauntlet | Found a transporter.
  9879 | Gauntlet | Found a transporter.
  9883 | Gauntlet | Found a transporter.
  9973 | Gauntlet | Found a transporter.
 10005 | Gauntlet | Found a transporter.
 10059 | Gauntlet | Got an encrusted hat
 10091 | Gauntlet | Identified the +3 hat of Gapt {Slay+2} (You found it in a
                  | Gauntlet)
 10233 | Gauntlet | Found a transporter.
 10233 | Gauntlet | Noticed a death ooze
 10237 | Gauntlet | Found a transporter.
 10322 | Gauntlet | Noticed a minotaur
 10346 | Gauntlet | Killed a minotaur
 10960 | Lair:5   | Gained mutation: You have a pair of small horns on your
                  | head. [demonic ancestry]
 10960 | Lair:5   | Reached XP level 13. HP: 68/107 MP: 13/13
 11448 | Lair:6   | Entered Level 6 of the Lair of Beasts
 11470 | Lair:6   | Reached skill level 12 in Fighting
 11941 | Lair:6   | Found a runed translucent door.
 12301 | Lair:6   | Found a runed translucent door.
 12302 | Lair:6   | Found a shimmering altar of Xom.
 12302 | Lair:6   | Noticed Mesmaeker13's ghost (journeyman DrCj)
 12302 | Lair:6   | Identified the +5 war axe of Mippox {chaos, rC+ Str+2}
 12491 | Lair:6   | Reached skill level 10 in Armour
 12621 | Lair:6   | Found a staircase to the Slime Pits.
 12637 | Slime:1  | Entered Level 1 of the Pits of Slime
 12641 | Slime:1  | Noticed an azure jelly
 12651 | Slime:1  | Killed an azure jelly
 12889 | Lair:4   | You fall into a shaft and drop 2 floors!
 12986 | Lair:6   | Noticed a fire dragon
 13001 | Lair:6   | Killed a fire dragon
 14014 | Lair:2   | Found a staircase to the Swamp.
 14124 | Lair:1   | Got a shimmering plate armour
 14376 | D:12     | Identified the cursed +0 plate armour of Rioduaga {MR++
                  | rCorr Dex-2} (You found it on level 1 of the Lair of
                  | Beasts)
 14394 | D:13     | Reached XP level 14. HP: 116/116 MP: 14/14
 14420 | D:13     | Noticed Azrael
 14438 | D:13     | Killed Azrael
 14467 | D:13     | Noticed Jorgrun
 14484 | D:13     | Killed Jorgrun
 14493 | D:13     | Reached skill level 10 in Dodging
 14497 | D:13     | Noticed Sonja
 14524 | D:13     | Killed Sonja
 14930 | D:14     | Noticed Agnes
 14951 | D:13     | Slain by a phantasmal warrior

Levels and vault maps discovered:
D:1:      wander_arrival_desolate, layout_loops_ring
D:2:      layout_loops_cross, nicolae_overflow_quartered_altars, serial_rivers,
          chequers_serial_rivers_small_a, chequers_serial_rivers_small_3,
          chequers_serial_rivers_small_b, chequers_serial_rivers_small_3,
          chequers_serial_rivers_micro_a, chequers_serial_rivers_micro_d,
          uniq_terence
D:3:      layout_basic, first_ration, fedhas_altar_2, uniq_grinder, uniq_jessica
D:4:      layout_gridville
D:5:      layout_basic, basic_altar, kennysheep_generic_room_16
D:6:      layout_cave_pods, lemuel_statue_altar
D:7:      layout_basic, minmay_temple_entry_statues_pillars, grunt_livestock,
          due_unseen_surprise
D:8:      layout_basic, serial_shops, nicolae_shop_trees,
          minmay_shop_enchanted_jewellery, grunt_dithmenos_smoke, uniq_pikel
D:9:      layout_irregular_city
D:10:     statuecave_lemuel, layout_cave_pods, orc_0_dummy, serial_glass,
          glass_columns_c, glass_columns_a, due_unseen_surprise
D:11:     layout_roguey, dpeg_lair_monsters, serial_shops, shop_statue,
          basic_altar, kennysheep_generic_room_6
D:12:     layout_roguey
D:13:     layout_loops_cross, uniq_azrael, uniq_jorgrun, uniq_sonja
D:14:     layout_rooms, grunt_vaults_entry_fortified, grunt_decor_arrowhead,
          serial_curves, eino_curves_03, eino_curves_01, eino_curves_04,
          eino_curves_01, nrook_guardian_serpent_ordinary, uniq_agnes
Temple:   nicolae_temple_no_exploring_needed
Lair:1:   layout_small_grid
Lair:2:   layout_layer_cave, palyth_hydra_swamp_entry, dummy_snake_entry,
          grunt_megastairs_2
Lair:3:   layout_cave_pods, gauntlet_entry_generic
Lair:4:   layout_small_grid, patterned_corridor, lemuel_fruit_tree,
          infiniplex_staircase_pool_2
Lair:5:   layout_regular_city, beast_lair_carwin_8, uniq_kirke
Lair:6:   wormcave, layout_regular_city, guppyfry_lair_end_dragon,
          dpeg_slime_entry_corner, ebering_ghost_xom
Slime:1:  layout_caves

Skill      XL: |  1  2  3  4  5  6  7  8  9 10 11 12 13 14 |
---------------+-------------------------------------------+-----
Armour         | 1 2 3 4 5 7 8 10 11 | 11.3
Dodging        | 3 4 5 7 8 9 10 | 10.1
Fighting       | 3 4 5 6 8 9 10 11 12 | 12.9
Shields        | 1 2 3 5 7 8 9 10 11 | 11.6
Unarmed Combat | 3 5 7 8 9 |  9.4
Polearms       | |  2.6
Throwing       | |  1.7

Action                   |  1- 3 |  4- 6 |  7- 9 | 10-12 | 13-15 || total
-------------------------+-------+-------+-------+-------+-------++-------
Melee: Trident           |    92 |   156 |   302 |   213 |       ||   763
       Kick              |       |    11 |    58 |       |       ||    69
       Unarmed           |       |       |       |   810 |   535 ||  1345
       Punch             |       |       |       |     2 |       ||     2
       Hand axe          |       |       |       |     8 |       ||     8
       Headbutt          |       |       |       |       |   176 ||   176
Throw: Throwing net      |     3 |     3 |     2 |       |     1 ||     9
 Abil: Evoke Berserk Rag |       |       |       |    12 |     7 ||    19
Evoke: Wand              |       |       |     9 |     4 |     3 ||    16
       Lightning rod     |       |       |       |     1 |       ||     1
       Phial of floods   |       |       |       |       |     1 ||     1
  Use: Scroll            |     1 |     4 |     3 |    15 |     4 ||    27
       Potion            |       |     8 |     3 |     7 |     6 ||    24
 Stab: Sleeping          |     2 |       |       |     5 |     4 ||    11
       Distracted        |     1 |       |       |     1 |       ||     2
       Held in net/web   |       |     1 |       |       |     1 ||     2
       Confused          |       |       |     2 |       |       ||     2
       Invisible         |       |       |       |     1 |       ||     1
       Petrified         |       |       |       |       |     7 ||     7
       Paralysed         |       |       |       |       |     4 ||     4
       Petrifying        |       |       |       |       |     1 ||     1
  Eat: Chunk             |       |     3 |       |    15 |     6 ||    24
       Ration            |       |       |     2 |     6 |     4 ||    12
Armor: Leather armour    |    11 |    28 |       |       |       ||    39
       Skin              |       |     8 |       |       |       ||     8
       Scale mail        |       |    10 |    14 |       |       ||    24
       Plate armour      |       |       |   199 |   171 |    44 ||   414
       Chain mail        |       |       |       |   292 |   101 ||   393
Dodge: Dodged            |    55 |    99 |   128 |   356 |   162 ||   800
Block: Shield            |       |       |       |   543 |   314 ||   857
